 Dungeon Crawl Stone Soup version 0.27.0-1-g7a089689b8 (webtiles) character file.

Game seed: 16551545835652955412

29 nightchill the Sneak (level 3, -2/20 HPs)
             Began as a Kobold Enchanter on Aug 12, 2021.
             Slain by an adder (5 damage)
             ... on level 2 of the Dungeon.
             The game lasted 00:02:39 (1257 turns).

nightchill the Sneak (Kobold Enchanter)             Turns: 1257, Time: 00:02:40

Health: -2/20      AC:  2    Str:  6    XL:     3   Next: 32%
Magic:  1/6        EV: 15    Int: 16    God:
Gold:   51         SH:  0    Dex: 15    Spells: 0/6 levels left

rFire    . . .     SeeInvis .   a - +1 dagger
rCold    . . .     Faith    .   (shield restricted)
rNeg     . . .     Spirit   .   b - +0 robe
rPois    .         Reflect  .   (no helmet)
rElec    .         Harm     .   (no cloak)
rCorr    .         Rampage  .   (no gloves)
Will     .....                  (no boots)
Stlth    ++++......             (no amulet)
HPRegen  0.06/turn              (no ring)
MPRegen  0.10/turn              (no ring)

@: lethally poisoned (-2 -> -5), very slightly contaminated
A: small, no large weapons, nightstalker 3
a: no special abilities


You were on level 2 of the Dungeon.
You visited 1 branch of the dungeon, and saw 2 of its levels.

You collected 51 gold pieces.

Inventory:

Hand Weapons
 a - a +1 dagger (weapon)
Armour
 b - a +0 robe (worn)
Jewellery
 d - a +4 ring of evasion
 i - a ring of positive energy
Scrolls
 c - 2 scrolls of teleportation {unknown}
 e - a scroll of noise {unknown}
 f - a scroll of vulnerability {unknown}
 g - a scroll of magic mapping {unknown}
 j - 2 scrolls of identify {unknown}
Potions
 h - a potion of degeneration {unknown}


   Skills:
 + Level 0.7 Fighting
 * Level 2.3 Short Blades
 - Level 2.4 Dodging
 * Level 4.8 Stealth
 - Level 2.1 Spellcasting
 * Level 3.3 Hexes


You couldn't memorise any spells.
You knew the following spells:

 Your Spells              Type           Power      Damage    Failure   Level
a - Corona                Hex            13%        N/A       5%          1
b - Ensorcelled Hibernat  Hex/Ice        14%        N/A       16%         2
c - Confusing Touch       Hex            12%        N/A       16%         3

Your spell library contained the following spells:

 Spells                   Type           Power      Damage    Failure   Level
 Tukima's Dance           Hex            12%        N/A       16%         3
 Dazzling Flash           Conj/Hex       14%        N/A       30%         3


Dungeon Overview and Level Annotations

Branches:
Dungeon (2/15)

Altars:

Shops:
D:1 !

Annotations:
D:1 exclusion: downstairs


Innate Abilities, Weirdness & Mutations

You are small and have problems with some larger weapons.
You are completely attuned to the shadows.


Message History

Press: ? - help, Shift-Dir - straight line, f/p - adder
Aim: an adder (chance to affect: 48%)
The adder resists with some effort.
The adder closely misses you.
You hit the adder.
The adder is lightly wounded.
The adder bites you.
You miss the adder.
The adder is lightly wounded.
The adder misses you.
You closely miss the adder.
The adder is lightly wounded.
The adder bites you but does no damage. The adder bites you.
You are poisoned.
The adder poisons you!
You closely miss the adder.
The adder is lightly wounded.
You feel sick. The adder barely misses you.
You hit the adder.
The adder is heavily wounded.
The adder bites you.
* * * LOW HITPOINT WARNING * * *
You are more poisoned.
The adder poisons you!
You hit the adder but do no damage.
The adder is heavily wounded.
You feel sick. The adder bites you.
* * * LOW HITPOINT WARNING * * *
You closely miss the adder.
The adder is heavily wounded.
* * * LOW HITPOINT WARNING * * *
You feel sick. The adder bites you but does no damage.
You hit the adder.
The adder is severely wounded.
* * * LOW HITPOINT WARNING * * *
You feel sick. The adder closely misses you.
You hit the adder.
The adder is almost dead.
* * * LOW HITPOINT WARNING * * *
You feel sick. The adder bites you.
You die...

#....#### #..>.# #.##.#
#.......############....# #.##.#
.....##..............<..#.##.##.#
)....###############.#.##.##..#..
.....####### ##.#.##.###.###
............. ..#.#.##.###....
#...........## #(#.#.##........
#........#...#####.#.#.##.###.###
#..#####.......S@......##.# #.#
#..#######...###.....####.# #.#
#......# ##.## #..<.......# #.#
#.####.# #.# #.>...###### #.# #.#
#.# ##....# #.# #.# ##.## ####.#
..####.###...# #.# ###
##...........#### #.# ...
#.###..........####.# ###


You could see an adder.

Vanquished Creatures
  An adder (D:2)
  2 dart slugs (D:2)
  2 ball pythons (D:1)
  An endoplasm (D:2)
  A giant cockroach (D:1)
  A goblin (D:1)
  2 hobgoblins (D:1)
  2 kobolds
  2 frilled lizards
  2 rats
16 creatures vanquished.

Notes
Turn   | Place    | Note
-------+----------+-------------------------------------------
     0 | D:1      | nightchill the Kobold Enchanter began the quest for the
                  | Orb.
     0 | D:1      | Reached XP level 1. HP: 10/10 MP: 3/3
    40 | D:1      | Found Plog's Distillery.
   190 | D:1      | Reached XP level 2. HP: 15/15 MP: 5/5
   196 | D:1      | Learned a level 2 spell: Ensorcelled Hibernation
  1045 | D:2      | Reached XP level 3. HP: 20/20 MP: 6/6
  1049 | D:2      | Learned a level 3 spell: Confusing Touch
  1257 | D:2      | Slain by an adder

Illustrated notes

Levels and vault maps discovered:
D:1:      minmay_arrival_jagged, layout_rooms, serial_shops, shop, minivault_5,
          amcnicky_mini_corridor_feature, kennysheep_pointless_box
D:2:      layout_loops_ring

Skill      XL: |  1  2 |
---------------+-------+-----
Short Blades   | 2 |  2.3
Fighting       | |  0.7
Dodging        | |  2.4
Stealth        | |  4.8
Spellcasting   | |  2.1
Hexes          | |  3.3

Action                   || total
-------------------------++-------
Melee: Dagger            ||    32
 Cast: Ensorcelled Hiber ||     7
       Corona            ||     2
 Stab: Sleeping          ||    13
Armor: Robe              ||     5
Dodge: Dodged            ||    15
